cohdb
Replays
Latest Replays
All Replays
Popular Replays
Top Player Replays
Match Explorer
How It Works
Community
CoH3 Stats
Reddit
Sign in to upload your games and track your stats! →
Sign in with Steam
Match 25291086
Unlisted
Match 25291086
Overview
Messages
Build Orders
End
Construct Barracks
Selects Advanced Infantry Battlegroup
Riflemen Squad
M1 Mortar Team
Riflemen Squad
Riflemen Squad
Infantry Support Center
M1918 Browning Automatic Rifles
Grenade Package
Munitions Surplus
Construct Motor Pool
Selects Convert to Ranger Squad
Selects Frontline Medical Station
M1 Anti-tank Gun Team
M1 Anti-tank Gun Team
Frontline Medical Station
Engineer Squad
Selects Ammunition Storage
Selects Infantry Assault
Infantry Assault
Construct Tank Depot
Infantry Assault
Selects M2A1 105mm Howitzer Emplacement
.30 cal Machine Gun
M18 Hellcat Tank Destroyer
.30 cal Machine Gun
M1 Anti-tank Gun Team
Eber
=BiA=Templaar
Eliasga89
mp1otr
Bartolomeus
Webster
0
0
Comments
sign in to comment!
No comments posted yet!